 Dungeon Crawl Stone Soup version 0.29-a0-994-gc5c9f59d18 (webtiles) character file.

Game seed: 5216048754926744218

308 siradein the Trooper (level 6, -1/102 HPs)
             Began as an Ogre Berserker on Aug 3, 2022.
             Was a Believer of Trog.
             Slain by a killer bee (4 damage)
             ... on level 4 of the Dungeon.
             The game lasted 00:08:35 (3613 turns).

siradein the Trooper (Ogre Berserker)               Turns: 3613, Time: 00:08:35

Health: -1/102     AC:  3    Str: 22    XL:     6   Next: 40%
Magic:  6/6        EV: 10    Int:  8    God:    Trog [**....]
Gold:   241        SH:  0    Dex: 10    Spells: 5/5 levels left

rFire   . . .      SeeInvis .   s - +0 giant club
rCold   . . .      Faith    .   (shield currently unavailable)
rNeg    + . .      Spirit   .   b - +0 animal skin
rPois   .          Reflect  .   (helmet restricted)
rElec   .          Harm     .   (no cloak)
rCorr   .          Rampage  .   (gloves unavailable)
Will    .....                   (boots unavailable)
Stlth   ..........              (no amulet)
HPRegen 0.27/turn               l - ring of positive energy
MPRegen 0.10/turn               (no ring)

@: berserking, lethally poisoned (-1 -> -8), very quick
A: large, unfitting armour, tough skin 1
a: Renounce Religion, Berserk, Trog's Hand


You were on level 4 of the Dungeon.
You worshipped Trog.
Trog was pleased with you.
You visited 1 branch of the dungeon, and saw 4 of its levels.

You collected 241 gold pieces.

Inventory:

Hand Weapons
 a - a +0 mace
 s - a +0 giant club (weapon)
Armour
 b - a +0 animal skin (worn)
Jewellery
 e - an amulet of magic regeneration
 l - a ring of positive energy (left hand)
Scrolls
 c - 3 scrolls of teleportation {unknown}
 d - a scroll of torment {unknown}
 g - 5 scrolls of identify {unknown}
 h - a scroll of amnesia {unknown}
 j - a scroll of fear {unknown}
 m - 3 scrolls of poison {unknown}
 o - a scroll of noise {unknown}
 p - a scroll of silence {unknown}
 q - a scroll of magic mapping {unknown}
 r - a scroll of blinking {unknown}
Potions
 f - 2 potions of degeneration {unknown}
 i - 3 potions of lignification {unknown}
 k - 2 potions of heal wounds {unknown}
 n - a potion of attraction {unknown}
 t - a potion of curing {unknown}


   Skills:
 + Level 6.8 Fighting
 * Level 4.7 Maces & Flails
 + Level 3.1 Dodging


You had 5 spell levels left.
You didn't know any spells.
Your spell library was empty.

Dungeon Overview and Level Annotations

Branches:
Dungeon (4/15)
 Temple: D:4-7

Altars:

Annotations:
D:4 3 runed translucent doors, Jackthecabe's ghost, novice OgIE


Innate Abilities, Weirdness & Mutations

You are too large for most types of armour.
You have tough skin. (AC +1)


Message History

You closely miss the killer bee. The killer bee stings you.
You are poisoned.
The killer bee poisons you! The killer bee stings you.
You are more poisoned.
The killer bee poisons you!
A bullfrog comes into view.
The killer bee stings you.
You miss the killer bee.
You feel very sick. The killer bee stings you! The killer bee stings you.
* * * LOW HITPOINT WARNING * * *
The killer bee stings you!
* * * LOW HITPOINT WARNING * * *
You are too injured to fight recklessly!
You are too injured to fight recklessly!
You are too injured to fight recklessly!
Unknown command.
A red film seems to cover your vision as you go berserk!
You feel yourself moving faster!
You feel mighty!
You feel sick. The killer bee stings you.
* * * LOW HITPOINT WARNING * * *
The killer bee stings you.
* * * LOW HITPOINT WARNING * * *
You are lethally poisoned!
The killer bee poisons you!
You miss the killer bee.
* * * LOW HITPOINT WARNING * * *
You feel very sick.
The killer bee stings you but does no damage.
The killer bee barely misses you.
You closely miss the killer bee.
* * * LOW HITPOINT WARNING * * *
You feel very sick. The killer bee closely misses you.
You miss the killer bee.
* * * LOW HITPOINT WARNING * * *
You feel sick.
The killer bee stings you but does no damage.
The killer bee stings you.
You die...

#. #.# # ###.###.# #
......... # ........# #
........# # .......F#
......nc# #y# ####@#####
#........#...........
#........#.#8#..8..#8
#........#.###oooo.##
#........#..oo#####..
#........#W.oo.oooo..
#..<.....######+++###
.#####........8...........
..........................


You could see a necrophage, a bullfrog, a centaur and a killer bee.

Vanquished Creatures
  An ogre (D:4)
  A hound (D:3)
  2 iguanas
  3 gnolls (D:2)
  6 adders
  A worm (D:2)
  An orc (D:3)
  4 endoplasms
  3 giant cockroaches
  3 goblins
  7 hobgoblins
  3 jackals (D:2)
  4 quokkas
  7 ball pythons
  4 bats
  5 frilled lizards
  4 kobolds (D:1)
  5 rats
64 creatures vanquished.

Notes
Turn   | Place    | Note
-------+----------+-------------------------------------------
     0 | D:1      | siradein the Ogre Berserker began the quest for the Orb.
     0 | D:1      | Reached XP level 1. HP: 24/24 MP: 1/1
   217 | D:1      | Reached XP level 2. HP: 19/33 MP: 2/2
   975 | D:1      | Reached XP level 3. HP: 34/41 MP: 3/3
  1075 | D:2      | Reached skill level 5 in Fighting
  1204 | D:2      | Reached XP level 4. HP: 39/50 MP: 4/4
  1517 | D:2      | Reached ** piety under Trog
  2097 | D:2      | Reached XP level 5. HP: 56/59 MP: 5/5
  2816 | D:3      | Reached skill level 6 in Fighting
  3375 | D:4      | Noticed an ogre
  3386 | D:4      | Killed an ogre
  3387 | D:4      | Reached XP level 6. HP: 68/68 MP: 6/6
  3553 | D:4      | Found a runed translucent gate.
  3568 | D:4      | Identified the +5 chain mail "Cocroh" {rElec rPois Slay-2}
  3568 | D:4      | Noticed an orc warrior
  3569 | D:4      | Noticed Jackthecabe's ghost (novice OgIE)
  3571 | D:4      | Found a runed translucent gate.
  3572 | D:4      | Found a runed translucent gate.
  3576 | D:4      | Identified the +2 scale mail "Reehus" {rC+}
  3612 | D:4      | HP: 5/102 [poisoned by a killer bee]
  3613 | D:4      | Slain by a killer bee

Illustrated notes

Levels and vault maps discovered:
D:1:      minmay_arrival_checkered_box, layout_basic
D:2:      layout_loops_ring, kennysheep_flooded_box
D:3:      layout_loops_corners, grunt_ministairs_4, skrybe_limestone_x,
          kennysheep_potato
D:4:      layout_basic, chequers_temple_overflow_minitemple,
          biasface_ghost_orc_armoury, serial_curves, eino_curves_04,
          eino_curves_03, eino_curves_01, eino_curves_03,
          minmay_manual_monstrance

Skill      XL: |  1  2  3  4  5 |
---------------+----------------+-----
Maces & Flails | 3 4 |  4.7
Fighting       | 5 6 |  6.8
Dodging        | 3 |  3.1

Action                   |  1- 3 |  4- 6 || total
-------------------------+-------+-------++-------
Melee: Mace              |    81 |   128 ||   209
       Punch             |       |     1 ||     1
       Giant club        |       |    10 ||    10
Invok: Berserk           |     1 |     2 ||     3
  Use: Potion            |       |     1 ||     1
 Stab: Distracted        |       |     1 ||     1
Armor: Animal skin       |    23 |    35 ||    58
Dodge: Dodged            |    49 |    79 ||   128

Table legend: (Time is in decaauts)
 A = Elapsed time spent in this place.
 B = Non-inter-level travel time spent in this place.
 C = Inter-level travel time spent in this place.
 D = Time resting spent in this place.
 E = Time spent auto-exploring this place.
 F = Levels seen in this place.
 G = Mean time per level.
                   A        B        C        D        E       F      G
               +--------+--------+--------+--------+--------+-----+--------+
         Total |   3679 |   3541 |    138 |     94 |   2916 |   4 |  919.8 |
       Dungeon |   3679 |   3541 |    138 |     94 |   2916 |   4 |  919.8 |
               +--------+--------+--------+--------+--------+-----+--------+

Top non-repeatable levels by time:
     D:2: 1252 daAuts
     D:3: 1126 daAuts
     D:1: 1078 daAuts
     D:4: 222 daAuts
